 Dungeon Crawl Stone Soup version 0.27-a0-46-g34d46f0a3f (webtiles) character file.

Game seed: 3038624222773827673

1059 Borgoz the Covered (level 8, 0/55 HPs)
             Began as a Halfling Fighter on Jan 7, 2021.
             Slain by a centaur
             ... wielding a +0 short sword
              (5 damage)
             ... on level 6 of the Dungeon.
             The game lasted 00:07:23 (5562 turns).

Borgoz the Covered (Halfling Fighter)               Turns: 5562, Time: 00:07:24

Health: 0/55       AC: 10    Str: 18    XL:     8   Next: 52%
Magic:  8/8        EV: 15    Int:  6    God:
Gold:   294        SH:  0    Dex: 15    Spells: 7/7 levels left

rFire    . . .     SeeInvis .   a - +0 rapier (speed)
rCold    . . .     Faith    +   (shield restricted)
rNeg     + . .     Spirit   .   g - +0 scale mail
rPois    .         Reflect  .   (no helmet)
rElec    .         Harm     .   (no cloak)
rCorr    .         Rampage  .   A - +2 pair of gloves
Will     .....                  (no boots)
Stlth    ..........             r - amulet of faith
HPRegen  0.18/turn              p - ring of positive energy
MPRegen  0.11/turn              (no ring)

@: mighty
A: small, mutation resistance 1
a: no special abilities


You were on level 6 of the Dungeon.
You visited 1 branch of the dungeon, and saw 6 of its levels.
You also visited: Ossuary.

You collected 294 gold pieces.

Inventory:

Hand Weapons
 a - a +0 rapier of speed (weapon)
 b - a +4 quick blade
Missiles
 o - a throwing net (quivered)
Armour
 c - a +0 kite shield
 g - a +0 scale mail (worn)
 A - a +2 pair of gloves (worn)
Jewellery
 p - a ring of positive energy (left hand)
 r - an amulet of faith (around neck)
 y - an uncursed ring of ice
Wands
 w - a wand of paralysis (8)
 C - a wand of enslavement (7)
Scrolls
 h - 2 scrolls of teleportation
 l - 2 scrolls of remove curse
Potions
 e - a potion of resistance {unknown}
 f - a potion of cancellation
 i - a potion of attraction {unknown}
 t - 4 potions of curing {unknown}
 u - 2 potions of lignification {unknown}
 v - 2 potions of heal wounds {unknown}
 z - a potion of invisibility {unknown}
 B - 2 potions of flight {unknown}


   Skills:
 + Level 5.0 Fighting
 + Level 6.0 Short Blades
 + Level 6.1 Armour
 + Level 4.9 Dodging
 - Level 3.3 Shields


You had 7 spell levels left.
You didn't know any spells.
Your spell library contained the following spells:

 Spells                   Type           Power        Failure   Level
 Corona                   Hex            0%           82%         1
 Ensorcelled Hibernation  Hex/Ice        0%           91%         2
 Confusing Touch          Hex            0%           99%         3
 Dazzling Flash           Conj/Hex       0%           99%         3
 Tukima's Dance           Hex            0%           99%         3


Dungeon Overview and Level Annotations

Branches:
Dungeon (6/15)            Ossuary (visited)
 Temple: D:4-7

Altars:
Hepliaklqana
Kikubaaqudgha
Nemelex Xobeh
Sif Muna

Shops:
D:4 (


Innate Abilities, Weirdness & Mutations

You are small and have problems with some larger weapons.
You are somewhat resistant to further mutation.


Message History

You hit the centaur.
The centaur is lightly wounded.
The bullfrog hits you.
* * * LOW HITPOINT WARNING * * *
The centaur barely misses you.
Okay, then.
You hit the centaur.
The centaur is moderately wounded.
The bullfrog hits you.
* * * LOW HITPOINT WARNING * * *
The centaur completely misses you.
You feel very mighty all of a sudden. The bullfrog hits you.
* * * LOW HITPOINT WARNING * * *
The centaur hits you but does no damage.
The centaur barely misses you. The bullfrog barely misses you.
You puncture the bullfrog!
The bullfrog is moderately wounded.
The centaur hits you with a +0 short sword.
You die...

#... ... #..
#..#### ..#
#.....# ..###
#.....# ......
#.c.F.# ...... .
#@(####......
..####...........
..........(......
#..........#.###
#........###
#......#.# #.#
########.###.#
#..##.# ##.##.#


You could see a bullfrog and a centaur.

Vanquished Creatures
  An ice beast (D:5)
  An ogre (D:4)
  2 elf zombies (Ossuary)
  A bullfrog (D:6)
  A howler monkey (D:6)
  A jelly (D:6)
  A centaur zombie (Ossuary)
  A hound (D:4)
  A human zombie (Ossuary)
  An orc priest (D:3)
  4 orc wizards
  An iguana (D:5)
  3 worker ants
  A big kobold zombie (Ossuary)
  A hound zombie (Ossuary)
  3 mummies (Ossuary)
  A gnoll (D:1)
  6 adders
  A shadow imp (D:5)
  An ooze (D:1)
  An adder skeleton (D:5)
  3 adder zombies
  2 worms
  3 leopard geckos
  17 orcs
  2 bats
  5 giant cockroaches
  2 gnoll zombies (Ossuary)
  9 hobgoblins
  9 jackals
  3 kobolds
  4 quokkas
  3 frilled lizards
  7 goblins
  2 goblin zombies (Ossuary)
  3 hobgoblin zombies (Ossuary)
  3 jackal zombies (Ossuary)
  5 kobold zombies (Ossuary)
  2 orc zombies (Ossuary)
  A quokka skeleton (D:6)
  4 quokka zombies (Ossuary)
  6 rats
  5 rat zombies (Ossuary)
134 creatures vanquished.

Notes
Turn   | Place    | Note
-------+----------+-------------------------------------------
     0 | D:1      | Borgoz the Halfling Fighter began the quest for the Orb.
     0 | D:1      | Reached XP level 1. HP: 15/15 MP: 1/1
    47 | D:1      | Reached XP level 2. HP: 20/20 MP: 2/2
   410 | D:1      | Reached XP level 3. HP: 24/25 MP: 3/3
   421 | D:1      | Reached skill level 1 in Dodging
  1096 | D:2      | Reached XP level 4. HP: 30/31 MP: 4/4
  1561 | D:2      | Found a sparkling altar of Nemelex Xobeh.
  1675 | D:2      | Reached XP level 5. HP: 36/36 MP: 5/5
  2078 | D:3      | You fall into a shaft and drop 2 floors!
  2078 | D:5      | Entered Level 5 of the Dungeon
  2114 | D:5      | Found a sand-covered staircase.
  2124 | D:5      | Found a shimmering blue altar of Sif Muna.
  2131 | Ossuary  | Entered an ossuary
  2286 | Ossuary  | Reached XP level 6. HP: 43/43 MP: 6/6
  2642 | Ossuary  | Reached skill level 5 in Armour
  2642 | Ossuary  | Reached XP level 7. HP: 22/48 MP: 7/7
  3114 | D:4      | Found Faosh's Weapon Shop.
  3342 | D:4      | Reached skill level 5 in Short Blades
  3580 | D:3      | Found an ancient bone altar of Kikubaaqudgha.
  3605 | D:3      | Found a hazy altar of Hepliaklqana.
  4458 | D:5      | Reached XP level 8. HP: 54/54 MP: 8/8
  5019 | D:6      | Reached skill level 5 in Fighting
  5044 | D:6      | Identified a scroll of acquirement
  5044 | D:6      | Acquired a +4 quick blade
  5562 | D:6      | Slain by a centaur

Illustrated notes

Levels and vault maps discovered:
D:1:      saegor_arrival_simple_d, layout_basic
D:2:      layout_loops_cross, nemelex_xobeh_ov_fountains_minmay,
          grunt_decor_fettered, minmay_misc_feat_cross, minmay_misc_feat_rugged
D:3:      layout_basic, amethyst_overflow_temple_binary
D:4:      layout_basic, serial_shops, nicolae_shop_statue_plus
D:5:      layout_cave_pools, enter_ossuary_1, led_sif_book
D:6:      layout_basic, yredelemnul_forgotten_temple_becter,
          minmay_stone_trees_small

Skill      XL: |  1  2  3  4  5  6  7  8 |
---------------+-------------------------+-----
Fighting       | 3 4 5 |  5.0
Dodging        | 1 2 3 4 |  4.9
Short Blades   | 3 4 5 6 |  6.0
Armour         | 4 5 6 |  6.1
Shields        | |  3.3

Action                   |  1- 3 |  4- 6 |  7- 9 || total
-------------------------+-------+-------+-------++-------
Melee: Rapier            |    84 |   348 |   252 ||   684
  Use: Scroll            |       |     3 |     9 ||    12
       Potion            |       |     2 |     1 ||     3
Armor: Scale mail        |    28 |   108 |    51 ||   187
Dodge: Dodged            |    60 |   233 |   114 ||   407
Block: Kite shield       |     5 |       |       ||     5

Table legend: (Time is in decaauts)
 A = Elapsed time spent in this place.
 B = Non-inter-level travel time spent in this place.
 C = Inter-level travel time spent in this place.
 D = Time resting spent in this place.
 E = Time spent auto-exploring this place.
 F = Levels seen in this place.
 G = Mean time per level.
                   A        B        C        D        E       F      G
               +--------+--------+--------+--------+--------+-----+--------+
         Total |   5480 |   5264 |    216 |    750 |   3488 |   7 |  782.9 |
       Dungeon |   4769 |   4553 |    216 |    593 |   3200 |   6 |  794.8 |
       Ossuary |    711 |    711 |      0 |    157 |    288 |   1 |  711.0 |
               +--------+--------+--------+--------+--------+-----+--------+

Top non-repeatable levels by time:
     D:4: 1053 daAuts
     D:1: 945 daAuts
     D:2: 806 daAuts
 Ossuary: 711 daAuts
     D:3: 704 daAuts
     D:5: 656 daAuts
     D:6: 602 daAuts
